 Dungeon Crawl Stone Soup version 0.17-a0-1632-g0af21bd (webtiles) character file.

49 MackTheKnife the Sneak (level 4, -1/43 HPs)
             Began as a Halfling Assassin on Aug 3, 2015.
             Succumbed to Sigmund's poison
             ... on level 2 of the Dungeon.
             The game lasted 00:02:03 (1246 turns).

MackTheKnife the Sneak (Halfling Assassin)          Turns: 1246, Time: 00:02:03

Health: -1/43      AC: 22    Str: 11    XL:     4   Next: 1%
Magic:  4/4        EV:  3    Int: 11    God:
Gold:   164        SH:  0    Dex: 15    Spells: 0 memorised, 3 levels left

rFire  . . .     SeeInvis .     a - +2 dagger
rCold  . . .     Clarity  .     (armour currently unavailable)
rNeg   + + +     SustAt   .     (shield restricted)
rPois  +         Gourm    .     (helmet currently unavailable)
rElec  .         Spirit   .     (cloak currently unavailable)
rCorr  +         Warding  .     (gloves currently unavailable)
rMut   .         NoTele   +     (boots currently unavailable)
MR     .....                    i - amulet of resist corrosion {rCorr, !d}
Stlth  ++++......               (no ring)
                                (no ring)

@: lethally poisoned (-1 -> -19), tree-form, not resistant to hostile
enchantments, stealthy
A: mutation resistance 1
a: no special abilities


You were on level 2 of the Dungeon.
You were not hungry.
You were a tree.
You visited 1 branch of the dungeon, and saw 2 of its levels.

You collected 164 gold pieces.

Inventory:

Hand weapons
 a - a +2 dagger (weapon)
 b - a +0 blowgun
Missiles
 e - 8 poisoned needles
Armour
 c - a +0 robe (melded)
 d - a +0 cloak (melded)
 p - a +0 helmet (melded)
   (You found it on level 2 of the Dungeon)
Jewellery
 i - an amulet of resist corrosion (around neck) {rCorr, !d}
   (You found it on level 1 of the Dungeon)
Scrolls
 k - 3 scrolls of remove curse {unknown}
 m - 2 scrolls of enchant weapon {unknown}
 q - a scroll of enchant armour {unknown}
Potions
 h - a potion of experience {unknown}
 l - a potion of degeneration {unknown}
Comestibles
 g - 2 bread rations {@e1}
 j - 2 meat rations {@e2}
 n - a fruit


   Skills:
 - Level 1.7 Fighting
 + Level 3.7 Short Blades
 - Level 2.6 Throwing
 - Level 1.1 Dodging
 + Level 5.5 Stealth


You had 3 spell levels left.
You didn't know any spells.

Dungeon Overview and Level Annotations

Branches:
Dungeon (2/15)

Altars:
Sif Muna

Annotations:
D:2 Sigmund


Innate Abilities, Weirdness & Mutations

You are small and have problems with some larger weapons.
You are somewhat resistant to further mutation.


Message History

You finish taking off your +0 helmet.
You start putting on your armour.
You continue putting on your helmet.
You continue putting on your helmet. x4
You finish putting on your +0 helmet.
Drop what? 17/52 slots (_ for help) (? for menu, Esc to quit)
You drop a +0 helmet.
e - 2 poisoned needles (gained 1)
Things that are here:
a club; a goblin corpse
k - 3 scrolls labeled HAESMA IGHOOR (gained 1)
Things that are here:
a club; a goblin corpse You see here a stone.
o - a blue potion
e - 3 poisoned needles (gained 1)
e - 4 poisoned needles (gained 1)
Things that are here:
a stone; a goblin corpse; a goblin corpse
e - 5 poisoned needles (gained 1)
Things that are here:
a stone; a hobgoblin corpse
Things that are here:
a dagger; a goblin corpse
Found a stone staircase leading up.
e - 7 poisoned needles (gained 2)
e - 8 poisoned needles (gained 1)
Things that are here:
a stone; a hobgoblin corpse
Things that are here:
a hunting sling; 15 stones; a goblin corpse
Things that are here:
a stone; a hobgoblin corpse
Things that are here:
a stone; a hobgoblin corpse
Found a stone staircase leading down.
You regained 2 hp, and now have 22/24 hp.
m - 2 scrolls labeled UDUDEU CEJO (gained 1)
A giant gecko comes into view.
The helpless giant gecko fails to defend itself.
You impale the giant gecko!!
You kill the giant gecko!
You have reached level 4!
You regained 5 hp, and now have 27/29 hp.
MP restored: 4 You see here a giant gecko corpse.
You butcher the giant gecko corpse.
r - a chunk of flesh {@w0} Eating a chunk of flesh {@w0}.
You continue eating. x2
Sigmund the Dreaded comes into view.
He is wielding a scythe of venom.
There is a stone staircase leading down here.
Really walk into a travel-excluded area? [Y]es or [N]o only, please.
Really walk into a travel-excluded area?
Sigmund shouts!
Sigmund misses you.
You barely miss Sigmund.
Wield which item (- for none, * to show all)? (? for menu, Esc to quit)
b - a +0 blowgun (weapon)
Sigmund hits you with a scythe of venom.
You are poisoned.
Quiver which item? (- for none, * to show all) (? for menu, Esc to quit)
Quivering
f - 2 curare-tipped needles for blowguns.
That item cannot be evoked!
Unknown command.
Aim: Sigmund, wielding a scythe of venom and wearing a robe You shoot a curare-tipped needle.
The curare-tipped needle hits Sigmund.
Sigmund is poisoned.
Sigmund convulses.
Sigmund seems to slow down.
You feel sick.
You take 1 damage, and have 27/29 hp.
Aim: Sigmund, wielding a scythe of venom and wearing a robe (moderately wounded, slow, poisoned)
You shoot a curare-tipped needle. The curare-tipped needle hits Sigmund.
Sigmund looks even sicker.
Sigmund convulses.
Sigmund seems to be slow for longer.
You feel sick.
Sigmund hits you with a scythe of venom!
You are lethally poisoned!
You take 11 damage, and have 16/29 hp.
MASSIVE DAMAGE!!
Wield which item (- for none, * to show all)? (? for menu, Esc to quit)
a - a +2 dagger (weapon)
You feel sick.
You take 1 damage, and have 15/29 hp.
You feel sick.
You take 2 damage, and have 13/29 hp.
You feel sick.
You take 2 damage, and have 11/29 hp.
You feel sick. Sigmund casts a spell at you. The puff of flame hits you!
* * * LOW HITPOINT WARNING * * *
You take 9 damage, and have 2/29 hp.
MASSIVE DAMAGE!!
* * * LOW HITPOINT WARNING * * *
You feel sick.
You take 1 damage, and have 1/29 hp.
Drink which item? (? for menu, Esc to quit)
It was a potion of lignification.
You turn into a tree.
Your +0 cloak melds into your body.
Your +0 helmet melds into your body.
Your +0 robe melds into your body.
Your roots penetrate the ground.
You die...

#......#
#######......#
.?#..........#
#.#.###......#
#.#.#.# #......#
#.#.#.###......#
#.#.#...#.######
#.#.###.#.######
#.#.>.♣........#
#.#....[.......#
#.#..#.#.......#
#(@............#
####.###.......#
#.#.........#
#.....#######
###.#.#<#
#...#.#


You could see Sigmund.

Vanquished Creatures
  Robin (D:2)
  An adder (D:1)
  2 giant geckos (D:2)
  9 goblins
  3 hobgoblins
  3 kobolds
  2 bats (D:1)
  A giant cockroach (D:1)
  3 giant newts (D:1)
  3 rats
28 creatures vanquished.

Vanquished Creatures (others)
  A goblin (D:2)
1 creature vanquished.

Grand Total: 29 creatures vanquished

Notes
Turn   | Place    | Note
--------------------------------------------------------------
     0 | D:1      | MackTheKnife the Halfling Assassin began the quest for the Orb.
     0 | D:1      | Reached XP level 1. HP: 14/14 MP: 1/1
   164 | D:1      | Reached skill level 3 in Short Blades
   183 | D:1      | Reached XP level 2. HP: 19/19 MP: 2/2
   339 | D:1      | Reached skill level 5 in Stealth
   725 | D:1      | Reached XP level 3. HP: 11/24 MP: 3/3
  1074 | D:2      | Found a deep blue altar of Sif Muna.
  1113 | D:2      | Noticed Robin
  1138 | D:2      | Killed Robin
  1215 | D:2      | Reached XP level 4. HP: 26/29 MP: 4/4
  1230 | D:2      | Noticed Sigmund
  1244 | D:2      | HP: 2/29 [Sigmund/puff of flame (7)]
  1246 | D:2      | Succumbed to Sigmund's poison

Vault maps used:
D:1:      enne_arrival_octagon_isle
D:2:      lemuel_crystal_altar, lemuel_crystal_altar, fedhas_altar_fruit_tree,
          uniq_sigmund, uniq_robin

Action                   |  1- 3 |  4- 6 || total
-------------------------+-------+-------++-------
Melee: Dagger            |    72 |     1 ||    73
 Fire: Blowgun           |     9 |     2 ||    11
Throw: Stone             |     4 |       ||     4
  Use: Potion            |       |     1 ||     1
 Stab: Sleeping          |     6 |       ||     6
  Eat: Chunk             |       |     1 ||     1

Vault maps used:
D:1:      enne_arrival_octagon_isle
D:2:      lemuel_crystal_altar, lemuel_crystal_altar, fedhas_altar_fruit_tree,
          uniq_sigmund, uniq_robin

Table legend:
 A = Turns spent in this place as a percentage of turns spent in the entire game.
 B = Non-inter-level travel turns spent in this place as a percentage of non-inter-level travel turns spent in the entire game.
 C = Inter-level travel turns spent in this place as a percentage of turns spent in this place.
 D = Turns resting spent in this place as a percentage of non-inter-level travel turns spent in this place.
 E = Turns spent auto-exploring this place as a percentage of non-inter-level travel turns spent in this place.
 F = Non-inter-level travel turns spent in this place divided by the number of levels of this place that you've seen.
                   A       B       C       D       E      F
               +-------+-------+-------+-------+-------+----------------------
         Total | 100.0 | 100.0 |   0.3 |   1.4 |  15.3 | 143.5
       Dungeon | 100.0 | 100.0 |   0.3 |   1.4 |  15.3 | 143.5
               +-------+-------+-------+-------+-------+----------------------

Table legend:
 A = Kills in this place as a percentage of kills in entire the game.
 B = Kills by you in this place as a percentage of kills by you in the entire game.
 C = Kills by friends in this place as a percentage of kills by friends in the entire game.
 D = Other kills in this place as a percentage of other kills in the entire game.
 E = Experience gained in this place as a percentage of experience gained in the entire game.
 F = Experience gained in this place divided by the number of levels of this place that you have seen.
                   A       B       C       D       E      F
               +-------+-------+-------+-------+-------+----------------------
         Total | 100.0 | 100.0 |  -nan |  -nan | 100.0 |  35.0
       Dungeon | 100.0 | 100.0 |  -nan |  -nan | 100.0 |  35.0
               +-------+-------+-------+-------+-------+----------------------
